 Dungeon Crawl Stone Soup version 0.30.1-11-g7821555f0a (webtiles) character file.

Game seed: 15161686997413550139

323009 monsoonserge the Wrestler (level 20, -5/202 HPs)
             Began as a Troll Fighter on Nov 16, 2023.
             Was the Champion of Wu Jian.
             Killed from afar by an ironbound thunderhulk (49 damage)
             ... with a bolt of lightning
             ... on level 3 of the Vaults on Nov 17, 2023.
             The game lasted 03:08:00 (40881 turns).

monsoonserge the Wrestler (Troll Fighter)          Turns: 40881, Time: 03:08:01

Health: -5/202     AC: 12    Str: 29    XL:     20   Next: 68%
Magic:  23/23      EV: 12    Int: 10    God:    Wu Jian [******]
Gold:   1913       SH: 18    Dex:  9    Spells: 21/25 levels left

rFire   + .          .
                       - Unarmed
rCold   + + +        b - +0 kite shield
rNeg    . . .        U - +4 skin of Zhor {*Englaciate rC+++ SInv}
rPois   .            (helmet restricted)
rElec   .            c - scarf "Ynoe" {rC+ rF+, +Inv}
rCorr   .            (gloves unavailable)
SInv    +            (boots unavailable)
Will    ++...        m - amulet of reflection
Stlth   +            k - +4 ring of protection
HPRegen 1.33/turn    r - ring of willpower
MPRegen 0.18/turn

%: reflection
@: no status effects
A: large, unfitting armour, claws 3, regeneration 1, shaggy fur 1, tough skin 1
}: 2/15 runes: barnacled, gossamer
a: Renounce Religion, Evoke Invisibility, Wall Jump, Serpent's Lash, Heavenly
Storm


You were on level 3 of the Vaults.
You worshipped Wu Jian.
Wu Jian was exalted by your worship.
You visited 7 branches of the dungeon, and saw 34 of its levels.
You also visited: Ice Cave, Volcano and Wizlab.

You collected 3779 gold pieces.
You spent 1866 gold pieces at shops.

Inventory:

Missiles
 q - 3 boomerangs of dispersal
 u - 8 datura-tipped darts
 w - 5 atropa-tipped darts
 C - 69 large rocks
 E - 10 silver boomerangs (quivered)
 M - a curare-tipped dart
 N - 5 throwing nets
 V - 22 silver javelins
Armour
 b - a +0 kite shield (worn)
 c - the scarf "Ynoe" (worn) {rC+ rF+, +Inv}
   (You found it on level 4 of the Spider Nest)

   +Inv:      It lets you turn invisible.
 L - the +0 toga "Victory" {*Victory Clar}
   (You found it on level 2 of the Lair of Beasts)

   *Victory:  When the wearer kills a threatening monster, it has a chance to
   gain +1 AC, +1 Slay, and +1 Int, capping at +7.
   When the wearer uses a scroll or a potion with a hostile monster in sight,
   its bonuses reset to +0.
   Unequipping it also resets its bonuses to +0.
   Clar:      It protects you from confusion, rage, mesmerisation and fear.
 Q - +0 acid dragon scales
 U - the +4 skin of Zhor (worn) {*Englaciate rC+++ SInv}
   (You bought it in a shop on level 3 of the Dungeon)

   *Englaciate: It radiates cold, occasionally slowing all nearby creatures who
   are not resistant to cold.
   rC:        It renders you almost immune to cold.
   SInv:      It lets you see invisible.
Jewellery
 k - a +4 ring of protection (left claw)
 m - an amulet of reflection (around neck)
 r - a ring of willpower (right claw)
 y - a ring of poison resistance
 P - a ring of resist corrosion
 W - a ring of positive energy
Wands
 l - a wand of digging (15)
 t - a wand of quicksilver (2)
 A - a wand of iceblast (19)
 T - a wand of charming (67)
 Z - a wand of polymorph (12)
Scrolls
 a - 15 scrolls of fog
 g - 4 scrolls of poison
 h - 11 scrolls of teleportation
 j - 6 scrolls of fear
 n - 2 scrolls of enchant weapon
 p - 3 scrolls of magic mapping
 v - 6 scrolls of blinking
 z - 4 scrolls of immolation
 D - a scroll of summoning
 J - 3 scrolls of silence
 R - 7 scrolls of enchant armour
Potions
 e - 12 potions of curing
 f - 9 potions of heal wounds
 s - 4 potions of cancellation
 x - 6 potions of berserk rage
 B - 7 potions of ambrosia
 F - 8 potions of haste
 H - 6 potions of mutation
 I - 5 potions of magic
 K - 7 potions of invisibility
 O - 3 potions of flight
 S - 3 potions of might
 X - 4 potions of resistance
 Y - 11 potions of brilliance
Miscellaneous
 d - a condenser vane
 i - a phial of floods
 o - a phantom mirror
 G - a lightning rod (4/4)


   Skills:
 - Level 13.3 Fighting
 - Level 1.0 Throwing
 - Level 9.9 Dodging
 + Level 17.8 Shields
 - Level 22.8 Unarmed Combat
 - Level 3.3 Spellcasting
 - Level 5.5 Translocations
 + Level 9.1 Transmutations
 + Level 10.8 Earth Magic
 + Level 7.7 Evocations


You had 21 spell levels left.
You knew the following spells:

 Your Spells              Type           Power      Damage    Failure   Level
a - Blink                 Tloc           24%        N/A       5%          2
b - Lesser Beckoning      Tloc           24%        N/A       5%          2

Your spell library contained the following spells:

 Spells                   Type           Power      Damage    Failure   Level
 Apportation              Tloc           24%        N/A       3%          1
 Gell's Gravitas          Tloc           12%        N/A       11%         3
 Teleport Other           Tloc           12%        N/A       11%         3
 Spider Form              Tmut/Pois      10%        N/A       16%         3
 Foxfire                  Conj/Fire      4%         2x1d4     34%         1
 Freeze                   Ice            4%         1d3       34%         1
 Magic Dart               Conj           4%         1d3       34%         1
 Slow                     Hex            4%         N/A       34%         1
 Vhi's Electric Charge    Tloc/Air       14%        N/A       34%         3
 Manifold Assault         Tloc           12%        N/A       36%         4
 Passage of Golubria      Tloc           12%        N/A       36%         4
 Call Imp                 Summ           2%         N/A       47%         2
 Cigotuvi's Dreadful Rot  Necr/Pois/Air  2%         N/A       47%         2
 Ensorcelled Hibernation  Hex/Ice        2%         N/A       47%         2
 Confusing Touch          Hex            1%         N/A       71%         3
 Frozen Ramparts          Ice            2%         1d1       71%         3
 Hailstorm                Conj/Ice       1%         3d3       71%         3
 Inner Flame              Hex/Fire       1%         N/A       71%         3
 Mephitic Cloud           Conj/Pois/Air  1%         N/A       71%         3
 Ozocubu's Armour         Ice            1%         N/A       71%         3
 Vampiric Draining        Necr           1%         2d6       71%         3
 Iskenderun's Mystic Bla  Conj/Tloc      7%         2d4       75%         4
 Alistair's Intoxication  Tmut/Pois      6%         N/A       83%         5
 Anguish                  Hex/Necr       0%         N/A       98%         4
 Animate Dead             Necr           1%         N/A       98%         4
 Flame Wave               Conj/Fire      1%         2d4       98%         4
 Fulminant Prism          Conj/Hex       0%         3d5       98%         4
 Olgreb's Toxic Radiance  Pois           1%         N/A       98%         4
 Sticky Flame             Conj/Fire      1%         2d3       98%         4
 Iron Shot                Conj/Erth      6%         9d2       99%         6
 Arcjolt                  Conj/Air       0%         1d10      100%        5
 Fireball                 Conj/Fire      0%         3d3       100%        5
 Iskenderun's Battlesphe  Conj           1%         2d6       100%        5
 Metabolic Englaciation   Hex/Ice        0%         N/A       100%        5
 Silence                  Hex/Air        0%         N/A       100%        5
 Conjure Ball Lightning   Conj/Air       0%         3x3d6     100%        6
 Plasma Beam              Fire/Air       0%         2x1d11    100%        6
 Simulacrum               Ice/Necr       0%         N/A       100%        6
 Starburst                Conj/Fire      0%         6d3       100%        6
 Storm Form               Tmut/Air       5%         N/A       100%        7
 Borgnjor's Revivificati  Necr           0%         N/A       100%        8
 Disjunction              Tloc           6%         N/A       100%        8
 Lehudib's Crystal Spear  Conj/Erth      6%         10d3      100%        8
 Necromutation            Tmut/Necr      5%         N/A       100%        8
 Death's Door             Necr           0%         N/A       100%        9


Dungeon Overview and Level Annotations

Branches:
Dungeon (15/15)            Temple (1/1) D:7            Lair (5/5) D:10
 Shoals (4/4) Lair:3       Spider (4/4) Lair:2        Slime (0/5) Lair:5
    Orc (2/2) D:9             Elf (0/3) Orc:2        Vaults (3/5) D:14
  Crypt (0/3) Vaults:2     Depths (0/4) D:15          IceCv (visited)
Volcano (visited)          WizLab (visited)

Altars:
Ashenzari
Cheibriados
Dithmenos
Elyvilon
Fedhas
Gozag
Hepliaklqana
Kikubaaqudgha
Makhleb
Nemelex Xobeh
Okawaru
Qazlal
Ru
Sif Muna
Trog
Uskayaw
Vehumet
Wu Jian
Xom
Yredelemnul
Zin
The Shining One
Jiyva

Shops:
D:3 *   D:9 [   D:15 [*(::   Orc:2 (?(*:   Shoals:2 :   Vaults:3 (:

Portals:
Pandemonium: Orc:2


Innate Abilities, Weirdness & Mutations

You are too large for most types of armour.
You have claws for hands.
Your natural rate of healing is unusually fast.
You are covered in fur. (AC +1)
You have tough skin. (AC +1)


Message History

You spin and attack the purple ugly thing.
You closely miss the purple ugly thing.
Strange energies crackle from the ironbound thunderhulk's apparatus.
The ironbound thunderhulk blinks!
Unknown command.
Unknown command.
You spin and attack the red ugly thing.
You closely miss the red ugly thing.
You spin and attack the red very ugly thing repeatedly.
You barely miss the red very ugly thing.
The red very ugly thing is severely wounded.
You mangle the red very ugly thing!!
You kill the red very ugly thing!
The Council accepts your kill. You block the red ugly thing's attack.
Unknown command.
You spin and attack the purple ugly thing.
You barely miss the purple ugly thing.
You spin and attack the red ugly thing repeatedly.
You closely miss the red ugly thing. x2
The purple ugly thing tentacle-slaps you!
* * * LOW HITPOINT WARNING * * *
The red ugly thing engulfs you but does no damage.
Unknown command.
You barely miss the red ugly thing.
The purple ugly thing closely misses you.
You block the red ugly thing's attack.
Unknown command.
Unknown command.
You spin and attack the purple ugly thing.
You mangle the purple ugly thing!!
The purple ugly thing is heavily wounded.
You spin and attack the red ugly thing repeatedly.
You scratch the red ugly thing.
The red ugly thing is lightly wounded.
You scratch the red ugly thing.
The red ugly thing is lightly wounded.
You hear a shout!
Electricity crackles from the ironbound thunderhulk's apparatus.
The bolt of lightning hits you!!!
You die...

#.........#
#.........#
####......#
####'#####
#......#
#......#
#......#
#......# .
#...@..# ..#
#..uu..#....
#...†..'....
#..†...#)...
#......#....
#..O...# ...
#'''##...##.
......# ####
........#


You could see an ironbound thunderhulk and 2 ugly things.

Vanquished Creatures
  A bone dragon (Vaults:2)
  An Ice Fiend (IceCv)
  3 sphinxes
  A tengu reaver (Vaults:3)
  Kirke (D:15)
  A frost giant (Shoals:4)
  10 emperor scorpions
  Aizul (Shoals:1)
  11 vault wardens
  A draconian scorcher (WizLab)
  5 ghost moths
  An orc warlord (Vaults:2)
  The ghost of Cuisch the Unseen, a journeyman KoBr of Wu Jian (Lair:3)
  11 ironbound preservers
  5 broodmothers
  A stone giant (Vaults:3)
  5 very ugly things
  4 ironbound thunderhulks (Vaults:1)
  The ghost of turdburglar the Martial Artist, a journeyman GnWn of Ashenzari (Lair:2)
  9 purple draconians (WizLab)
  A red draconian (Volcano)
  10 dire elephants
  Azrael (D:13)
  A minotaur (Shoals:2)
  Snorg (D:14)
  An ettin (D:15)
  A fire dragon (Lair:5)
  A deep elf death mage (Vaults:3)
  6 merfolk javelineers
  9 statues (WizLab)
  10 merfolk impalers
  4 entropy weavers
  7 yaktaur captains
  Josephine (Orc:1)
  6 great orbs of eyes
  The ghost of Wiggles the Cleaver, a journeyman MiBe of Trog (D:12)
  2 demonspawn (Orc:2)
  Erolcha (Orc:1)
  Harold (D:10)
  A caustic shrike simulacrum (IceCv)
  8 hydras
  12 vault guards
  5 jorogumos
  3 radroaches
  18 centaur warriors
  Erica (D:9)
  8 ironbound frosthearts
  3 merfolk aquamancers
  3 alligator snapping turtles
  7 boulder beetles
  7 death yaks
  2 merfolk avatars
  A tengu warrior (D:15)
  4 satyrs
  Urug (D:10)
  5 two-headed ogres
  A deep elf knight (D:14)
  A sun demon (Orc:2)
  5 orc high priests (Orc:2)
  Nergalle (D:11)
  Amaemon (Lair:2)
  13 pharaoh ants
  A salamander mystic (Volcano)
  10 skysharks
  2 sun moths
  A sixfirhy (Orc:2)
  26 deep trolls
  The ghost of lonewolfV2 the Fighter, a novice MiFi (D:7)
  10 sea snakes
  9 orb spiders
  A swamp dragon (Lair:5)
  2 spriggan simulacra (IceCv)
  10 orc knights
  An orange crystal statue (IceCv)
  Pikel (D:5)
  A bog body (IceCv)
  An obsidian statue (IceCv)
  12 ironbound convokers
  A necromancer (Vaults:2)
  A golden dragon skeleton (Vaults:2)
  10 lindwurms
  A tengu zombie (Vaults:2)
  7 harpies
  4 wizards
  6 steelbarb worms
  6 deep elf pyromancers
  An oklob plant (Lair:4)
  11 fauns
  The ghost of lonewolfV2 the Fighter, a novice OpFi (D:6)
  10 orc sorcerers
  18 ugly things
  2 salamanders (Volcano)
  30 wolf spiders
  13 manticores
  3 merfolk sirens
  18 elephants
  A moth of wrath (shapeshifter) (Vaults:3)
  4 moths of wrath
  6 water nymphs
  12 cyclopes
  15 vault sentinels
  Maurice (D:10)
  9 demonic crawlers
  3 torpor snails
  4 molten gargoyles (Volcano)
  4 gargoyles (Volcano)
  3 black mambas
  An orange demon (Lair:2)
  9 rime drakes
  14 cane toads
  3 efreet
  5 ice devils
  16 tengu conjurers (WizLab)
  15 komodo dragons
  9 freezing wraiths (IceCv)
  2 golden dragon simulacra (IceCv)
  25 yaktaurs
  2 anaconda simulacra (IceCv)
  A red devil (Orc:2)
  10 meliai
  8 wind drakes
  13 blink frogs
  23 merfolk
  8 trolls
  A polar bear (Lair:5)
  A hornet (D:11)
  36 tarantellas
  17 dream sheep
  12 snapping turtles
  15 slime creatures
  32 jumping spiders
  21 culicivoras
  9 water elementals
  A dire elephant simulacrum (IceCv)
  52 yaks
  3 fire elementals (D:13)
  5 wraiths
  6 wyverns
  4 hogs (D:15)
  5 basilisks
  An elf zombie (Vaults:2)
  A catoblepas simulacrum (Lair:3)
  6 steam dragons
  52 redbacks
  2 minotaur simulacra (IceCv)
  A chaos spawn (Orc:2)
  14 water moccasins
  2 hell hounds (D:13)
  An acid dragon (D:10)
  A glowing shapeshifter skeleton (Vaults:2)
  2 swamp drakes (Lair:5)
  2 ice beasts
  3 sky beasts
  33 orc warriors
  3 black bears
  25 wolves
  3 ogres
  8 centaurs
  3 boggarts (D:15)
  A lemure (D:5)
  A phantom (D:5)
  A kobold brigand (D:7)
  6 bullfrogs
  A gnoll sergeant (D:8)
  A skyshark simulacrum (Lair:3)
  3 deep troll simulacra (IceCv)
  2 scorpions
  A human skeleton (Vaults:2)
  16 wights
  18 killer bees
  A blink frog simulacrum (Lair:3)
  An elephant simulacrum (Lair:3)
  2 dream sheep simulacra (Lair:3)
  A rime drake simulacrum (Lair:3)
  3 howler monkeys
  5 electric eels
  4 lava snakes (Lair:3)
  A gnoll bouda (D:7)
  4 hounds
  3 jellies
  24 orc priests
  Natasha (thrice) (D:2)
  9 iguanas
  3 sleepcaps
  22 orc wizards
  Terence (D:2)
  11 gnolls
  5 adders
  2 white imps (D:6)
  2 ufetubi
  5 worms
  6 dart slugs
  101 orcs
  4 bats
  7 endoplasms
  3 giant cockroaches
  12 goblins
  10 hobgoblins
  4 jackals (D:1)
  7 quokkas
  14 ball pythons
  3 frilled lizards
  19 kobolds
  4 rats
1448 creatures vanquished.

Vanquished Creatures (others)
  A frost giant (Shoals:4)
  A jumping spider (Spider:4)
  A boggart (D:15)
  An orc (Orc:2)
4 creatures vanquished.

Grand Total: 1452 creatures vanquished

Notes
Turn   | Place    | Note
-------+----------+-------------------------------------------
     0 | D:1      | monsoonserge the Troll Fighter began the quest for the Orb.
     0 | D:1      | Reached XP level 1. HP: 22/22 MP: 0/0
   123 | D:1      | Reached XP level 2. HP: 29/29 MP: 1/1
   479 | D:1      | Reached XP level 3. HP: 35/36 MP: 2/2
   803 | D:2      | Found a stormy altar of Qazlal.
   843 | D:2      | Reached skill level 3 in Unarmed Combat
   997 | D:2      | Noticed Terence
  1006 | D:2      | Killed Terence
  1007 | D:2      | Reached XP level 4. HP: 40/44 MP: 3/3
  1275 | D:2      | Noticed Natasha
  1281 | D:2      | Killed Natasha
  1282 | D:2      | Reached XP level 5. HP: 51/53 MP: 4/4
  1583 | D:2      | Noticed Natasha
  1590 | D:2      | Killed Natasha
  1591 | D:2      | Reached skill level 4 in Unarmed Combat
  1613 | D:2      | Noticed Natasha
  1616 | D:2      | Killed Natasha
  1777 | D:3      | Found Orchuofu's General Store.
  1784 | D:3      | Bought a scroll of poison for 48 gold pieces
  1827 | D:3      | Found a blossoming altar of Fedhas.
  1879 | D:3      | Identified the +1 robe "Picuq" {-Tele Rampage rPois Dex+3}
  2155 | D:3      | Found an iron altar of Okawaru.
  2481 | D:3      | Reached XP level 6. HP: 61/61 MP: 5/5
  2657 | D:4      | Found a stormy altar of Qazlal.
  2657 | D:4      | Noticed a sky beast
  2672 | D:4      | Killed a sky beast
  2673 | D:4      | Reached skill level 5 in Unarmed Combat
  2796 | D:4      | Reached XP level 7. HP: 68/68 MP: 6/6
  2970 | D:4      | Found a bloodstained altar of Trog.
  3344 | D:5      | Entered Level 5 of the Dungeon
  3365 | D:5      | Found a glowing silver altar of Zin.
  3642 | D:5      | Reached skill level 6 in Unarmed Combat
  4183 | D:5      | Reached XP level 8. HP: 79/79 MP: 7/7
  4329 | D:6      | Noticed Pikel
  4367 | D:5      | Killed Pikel
  4368 | D:5      | Reached skill level 5 in Fighting
  4368 | D:5      | Reached skill level 5 in Shields
  4368 | D:5      | Reached skill level 7 in Unarmed Combat
  4567 | D:6      | Found a large runed translucent door.
  4567 | D:6      | Found a large runed translucent door.
  4568 | D:6      | Noticed lonewolfV2's ghost (novice OpFi)
  4706 | D:6      | Reached skill level 8 in Unarmed Combat
  5096 | D:6      | Reached XP level 9. HP: 80/88 MP: 8/8
  5451 | D:7      | Reached skill level 9 in Unarmed Combat
  5528 | D:7      | Found a staircase to the Ecumenical Temple.
  5549 | Temple   | Entered the Ecumenical Temple
  5723 | Temple   | Became a worshipper of the Wu Jian Council
  5779 | D:7      | Found a runed translucent door.
  5783 | D:7      | Noticed lonewolfV2's ghost (novice MiFi)
  5812 | D:7      | Found a hide-covered altar of Uskayaw.
  5882 | D:7      | Found a white marble altar of Elyvilon.
  6258 | D:8      | Found a shimmering altar of Xom.
  6552 | D:8      | Noticed a two-headed ogre
  6560 | D:8      | Reached skill level 10 in Unarmed Combat
  6562 | D:8      | Killed a two-headed ogre
  6562 | D:8      | Reached * piety under Wu Jian
  6567 | D:8      | Reached XP level 10. HP: 100/100 MP: 9/9
  7253 | D:8      | Found a sparkling altar of Nemelex Xobeh.
  7401 | D:8      | Found a glowing golden altar of the Shining One.
  7488 | D:9      | Noticed a two-headed ogre
  7502 | D:9      | Killed a two-headed ogre
  7503 | D:9      | Reached skill level 11 in Unarmed Combat
  7807 | D:9      | Found a staircase to the Orcish Mines.
  7895 | D:9      | Found Antebena's Armour Emporium.
  7922 | D:9      | Noticed Erica
  7950 | D:9      | Killed Erica
  8094 | D:9      | Noticed a two-headed ogre
  8142 | D:9      | Reached ** piety under Wu Jian
  8300 | D:9      | Killed a two-headed ogre
  8406 | D:10     | Entered Level 10 of the Dungeon
  8529 | D:10     | Reached skill level 12 in Unarmed Combat
  8560 | D:10     | Reached XP level 11. HP: 94/109 MP: 10/10
  8560 | D:10     | Noticed Maurice
  8578 | D:10     | Killed Maurice
  8764 | D:10     | Noticed Urug
  8939 | D:10     | Found a staircase to the Lair.
  8954 | D:10     | Noticed Harold
  8963 | D:10     | Killed Harold
  9208 | D:11     | Noticed Nergalle
  9223 | D:11     | Killed Nergalle
  9780 | Orc:1    | Entered Level 1 of the Orcish Mines
  9822 | Orc:1    | Noticed an orc sorcerer
 10004 | D:3      | Bought the +4 skin of Zhor {*Englaciate rC+++ SInv} for 798
                  | gold pieces
 10004 | D:3      | Found the +4 skin of Zhor {*Englaciate rC+++ SInv}
 10200 | D:9      | Killed an orc sorcerer
 10600 | D:3      | Bought a potion of berserk rage for 60 gold pieces
 10940 | D:10     | Killed Urug
 10941 | D:10     | Reached skill level 13 in Unarmed Combat
 11080 | Lair:1   | Entered Level 1 of the Lair of Beasts
 11171 | Lair:1   | Reached *** piety under Wu Jian
 11260 | Lair:1   | Reached skill level 5 in Dodging
 11317 | Lair:1   | Reached XP level 12. HP: 122/122 MP: 11/11
 11975 | Lair:2   | Found a dark tunnel.
 12003 | Volcano  | Entered a volcano
 12021 | Volcano  | Reached skill level 1 in Throwing
 12034 | Volcano  | Reached skill level 1 in Evocations
 12040 | Volcano  | Reached skill level 14 in Unarmed Combat
 12133 | Volcano  | Noticed a red draconian
 12148 | Volcano  | Killed a red draconian
 12168 | Volcano  | Noticed an orb of fire
 12219 | Volcano  | Noticed an orb of fire
 12506 | Lair:2   | Found a hole to the Spider Nest.
 12598 | Lair:2   | Noticed Amaemon
 12606 | Lair:2   | Reached skill level 10 in Shields
 12735 | Lair:2   | Found the +0 toga "Victory" {*Victory Clar}
 12875 | Lair:2   | Killed Amaemon
 12879 | Lair:2   | Reached **** piety under Wu Jian
 13049 | Lair:2   | Found a runed translucent door.
 13049 | Lair:2   | Noticed turdburglar's ghost (journeyman GnWn)
 13049 | Lair:2   | Noticed a boulder beetle
 13372 | Spider:1 | Entered Level 1 of the Spider Nest
 13372 | Spider:1 | Noticed an entropy weaver
 13414 | Lair:3   | Reached XP level 13. HP: 129/131 MP: 12/12
 13425 | Lair:3   | Reached skill level 15 in Unarmed Combat
 13435 | Lair:3   | Identified the +7 long sword of Evolution {flame, rF- rC+
                  | Str+4 SInv}
 13486 | Lair:3   | Got Pany's Catalogue of Nauseating Points
 13923 | Lair:3   | Found a runed translucent gate.
 13923 | Lair:3   | Found a runed translucent gate.
 13923 | Lair:3   | Found a runed translucent gate.
 14080 | Lair:3   | Found a staircase to the Shoals.
 14296 | Lair:3   | Noticed Cuisch's ghost (journeyman KoBr)
 14820 | Lair:4   | Reached ***** piety under Wu Jian
 14848 | Lair:4   | Reached skill level 10 in Fighting
 14894 | Lair:4   | Reached skill level 16 in Unarmed Combat
 15048 | Lair:4   | Learned a level 2 spell: Blink
 15596 | Lair:5   | Entered Level 5 of the Lair of Beasts
 15661 | Lair:5   | Reached XP level 14. HP: 143/143 MP: 14/14
 15679 | Lair:5   | Reached skill level 1 in Spellcasting
 16277 | Lair:5   | Found a viscous altar of Jiyva.
 16277 | Lair:5   | Found a staircase to the Slime Pits.
 16595 | Lair:5   | Reached skill level 17 in Unarmed Combat
 17083 | D:6      | Killed lonewolfV2's ghost
 17154 | D:7      | Killed lonewolfV2's ghost
 17251 | Orc:2    | Entered Level 2 of the Orcish Mines
 17251 | Orc:2    | Found a runed translucent door.
 17278 | Orc:1    | Reached ****** piety under Wu Jian
 17368 | Orc:2    | Found a burning altar of Makhleb.
 17427 | Orc:2    | Found a staircase to the Elven Halls.
 17525 | Orc:1    | Noticed Josephine
 17530 | Orc:1    | Noticed Erolcha
 17535 | Orc:1    | Killed Josephine
 17563 | Orc:1    | Killed Erolcha
 17813 | Orc:2    | Found Feuvim's Weapon Emporium.
 17846 | Orc:2    | Found Ummainec's Magic Scroll Emporium.
 17892 | Orc:2    | Found Odoseomo's General Store.
 18024 | Orc:2    | Paralysed by an orc sorcerer for 5 turns
 18405 | Orc:2    | Reached XP level 15. HP: 115/152 MP: 18/18
 18454 | Orc:2    | Found Ylehat's Antique Weapon Shop.
 18454 | Orc:2    | Found Cycihe's Book Boutique.
 18454 | Orc:2    | Found a one-way gate leading to the halls of Pandemonium.
 19006 | D:12     | Found a radiant altar of Vehumet.
 19068 | D:12     | Found a transporter.
 19106 | D:12     | Found a transporter.
 19110 | D:12     | Noticed Wiggles's ghost (journeyman MiBe)
 19558 | D:13     | Noticed Azrael
 19569 | D:13     | Killed Azrael
 19965 | D:13     | Reached skill level 18 in Unarmed Combat
 20152 | D:13     | Found a white marble altar of Elyvilon.
 20360 | D:14     | Found a radiant altar of Vehumet.
 20495 | D:14     | Noticed Snorg
 20514 | D:14     | Killed Snorg
 20864 | D:14     | Identified the orb "Faphamucs" {guile, rElec rF+ Int-3
                  | Dex+3}
 20886 | D:14     | Found a gate to the Vaults.
 21201 | D:15     | Entered Level 15 of the Dungeon
 21202 | D:15     | Noticed Kirke
 21243 | D:15     | Found a frozen archway.
 21274 | D:15     | Found Axoz's Antique Armour Shoppe.
 21288 | IceCv    | Entered an ice cave
 21814 | IceCv    | Noticed an Ice Fiend
 21821 | IceCv    | Killed an Ice Fiend
 21821 | IceCv    | Reached XP level 16. HP: 42/165 MP: 19/19
 22163 | D:15     | Found Kiemi's Assorted Antiques.
 22236 | D:15     | Reached skill level 19 in Unarmed Combat
 22346 | D:15     | Found Ocruidua's Book Shop.
 22508 | D:15     | Found a transporter.
 22526 | D:15     | Killed Kirke
 22562 | D:15     | Found Sayxely's Weapon Shop.
 22689 | D:15     | Found a staircase to the Depths.
 22745 | D:15     | Found Yxtism's Book Emporium.
 22751 | D:15     | Bought a manual of Unarmed Combat for 960 gold pieces
 22915 | D:15     | Learned a level 2 spell: Lesser Beckoning
 23209 | D:12     | Killed Wiggles's ghost
 23434 | Lair:2   | Killed turdburglar's ghost
 23435 | Lair:2   | Reached skill level 1 in Earth Magic
 23624 | Lair:3   | Killed Cuisch's ghost
 23625 | Lair:3   | Reached skill level 1 in Translocations
 23625 | Lair:3   | Reached skill level 1 in Transmutations
 23698 | Shoals:1 | Entered Level 1 of the Shoals
 23698 | Shoals:1 | Noticed Aizul
 23967 | Shoals:1 | Killed Aizul
 24069 | Shoals:1 | Found a hide-covered altar of Uskayaw.
 24249 | Shoals:1 | Reached skill level 20 in Unarmed Combat
 25115 | Shoals:2 | Noticed a walking frostbound tome
 25117 | Shoals:2 | Found Niwiowest's Book Shop.
 25119 | Shoals:2 | Noticed a walking frostbound tome
 25196 | Shoals:2 | Found a hide-covered altar of Uskayaw.
 25367 | Shoals:2 | Reached XP level 17. HP: 175/175 MP: 20/20
 25369 | Shoals:2 | Identified the +3 longbow "Mowaegym" {drain, Str+3 SInv}
 25912 | Shoals:3 | Identified the +0 robe of Eczegin {-Cast +Blink rCorr
                  | Slay+2}
 26284 | Shoals:4 | Entered Level 4 of the Shoals
 26439 | Shoals:4 | Got a barnacled rune of Zot
 26532 | Shoals:4 | Identified the +11 dagger of the King {heavy, rElec rC+
                  | Stlth+}
 27264 | Shoals:4 | Reached skill level 21 in Unarmed Combat
 28722 | Spider:1 | Reached skill level 5 in Translocations
 29360 | Spider:1 | Reached skill level 5 in Earth Magic
 29675 | Spider:2 | Reached XP level 18. HP: 185/185 MP: 21/21
 31066 | Spider:3 | Reached skill level 5 in Transmutations
 31919 | Spider:3 | Identified the +2 robe of the Scorching Gods {Will++}
 32188 | Spider:3 | Reached skill level 22 in Unarmed Combat
 32334 | Spider:3 | Identified the +0 leather armour of the Equator {rF- Dex+8}
 32429 | Spider:4 | Entered Level 4 of the Spider Nest
 33304 | Spider:4 | Reached skill level 15 in Shields
 33591 | Spider:4 | Identified the scarf "Ynoe" {rC+ rF+, +Inv}
 34050 | Spider:4 | Got a gossamer rune of Zot
 34601 | Vaults:1 | Entered Level 1 of the Vaults
 34718 | Vaults:1 | Reached XP level 19. HP: 176/193 MP: 22/22
 34790 | Vaults:1 | Found a magical portal.
 34806 | WizLab   | Entered Iskenderun's Mystic Tower
 35659 | WizLab   | Reached skill level 5 in Evocations
 35710 | WizLab   | Got the Almanac of Dogma
 35732 | WizLab   | Got Iskenderun's Guide on Percussion
 35732 | WizLab   | Got Iskenderun's Elucidation of Kinetic Energy
 36028 | Vaults:1 | Identified the +9 trident of the Brain {pain, rElec}
 36704 | Vaults:1 | Identified the +11 dagger of Descent {drain, *Slow rElec
                  | rPois rCorr}
 38140 | Vaults:2 | Reached XP level 20. HP: 194/202 MP: 23/23
 38332 | Vaults:2 | Noticed a bone dragon
 38347 | Vaults:2 | Killed a bone dragon
 38445 | Vaults:2 | Found a staircase to the Crypt.
 39315 | Vaults:3 | Found Zublolel's Weapon Emporium.
 39326 | Vaults:3 | Reached skill level 10 in Earth Magic
 39464 | Vaults:3 | Found Valijeoz's Book Boutique.
 39897 | Vaults:3 | Identified the +9 battleaxe of Ilejikh {drain, Str+3}
 40881 | Vaults:3 | Killed from afar by an ironbound thunderhulk

Illustrated notes

Levels and vault maps discovered:
D:1:      minmay_arrival_four_houses, layout_basic, st_stairs_3
D:2:      minmay_recursive_quarters, layout_loops_corners, basic_altar,
          chequers_serial_rivers_large_a, wad_floor_pattern_untrapped,
          grunt_decor_clamped, amcnicky_mini_rare_corridor_liquid,
          minmay_tromino_v7, uniq_terence, uniq_natasha
D:3:      layout_loops_cross, mainiacjoe_overflow_small_starburst,
          lemuel_crystal_altar, serial_shops, shop, kennysheep_generic_room_15
D:4:      layout_gridville, nicolae_overflow_crystal_walls,
          nicolae_qazlal_beasts_of_the_sky,
          hangedman_abyss_or_decor_lesser_grid,
          hangedman_abyss_or_decor_stagger, minmay_goblin_kobold_house
D:5:      layout_gridville, overflow_temple_1_default,
          hangedman_abyss_or_decor_slice, patterned_corridor
D:6:      layout_basic, ebering_ghost_disaster_area, kennysheep_generic_room_2,
          uniq_pikel
D:7:      layout_loops_ring, mainiacjoe_overflow_tiny_flanked,
          mainiacjoe_overflow_six_doors_small, minmay_temple_entry_offerings,
          ebering_ghost_reflecting_pool
D:8:      layout_layer_cave, kennysheep_mini_moat, kennysheep_mini,
          mainiacjoe_overflow_brackets
D:9:      layout_loops_ring, orc_0_dummy, serial_shops, shop,
          minmay_variable_closet, uniq_erica
D:10:     layout_irregular_city, lair_entry_dummy, uniq_harold, uniq_maurice,
          uniq_urug
D:11:     layout_roguey, uniq_nergalle
D:12:     layout_basic, gammafunk_ghost_berserking_beasts, vehumet_altar_wand_db
D:13:     layout_grid_maze, elyvilon_altar_4, uniq_azrael
D:14:     layout_loops_cross, skrybe_vaults_entry_preservation, basic_altar,
          uniq_snorg
D:15:     hangedman_depths_entry_civil_slaughter, layout_basic, serial_shops,
          shop, nicolae_shop_overgrown_old_shop, shop,
          nicolae_shop_behind_doors, nicolae_shop_tiny_waterfront,
          portal_ice_cave_entry_pillars_four, nicolae_diode_basic, uniq_kirke
Temple:   nicolae_temple_bog_church
Lair:1:   layout_regular_city, infiniplex_staircase_pool
Lair:2:   layout_loops_ring, dummy_spider_entry, nicolae_volcano_entry_hallway,
          ebering_ghost_inner_flame, uniq_amaemon
Lair:3:   layout_long_grid, minmay_shoals_entry_beasts, gammafunk_ghost_icy,
          minmay_stone_trees_small, nicolae_lair_liquid_snakes
Lair:4:   layout_gridlike, st_stairs_10, minmay_shattered_shrine,
          grunt_megastairs_1
Lair:5:   guppyfry_lair_end_dragon, layout_gridlike, dpeg_slime_entry_enclosed,
          serial_forest, infiniplex_forest_clump_small, infiniplex_forest_end_1,
          infiniplex_forest_clump_medium, infiniplex_forest_clump_C,
          infiniplex_forest_straight_2, infiniplex_forest_straight_4,
          serial_bayou_shore_a, grunt_megastairs_3
Shoals:1: cheibrodos_shoals_satyrical_garden, layout_shoals,
          lemuel_centaur_altar, uniq_aizul
Shoals:2: layout_shoals, serial_shops, nicolae_shop_mannequins,
          regret_index_shoals_crete
Shoals:3: layout_shoals
Shoals:4: shoals_end_grunt_ice, layout_shoals
Spider:1: layout_spider_delve
Spider:2: layout_spider_delve, drop_trap
Spider:3: nicolae_spider_hilbert_zone_3 [nicolae_spider_hilbert_4_sides_2_open,
          nicolae_spider_hilbert_3_sides_1_open,
          nicolae_spider_hilbert_3_sides_1_open,
          nicolae_spider_hilbert_3_sides_1_open,
          nicolae_spider_hilbert_3_sides_1_open,
          nicolae_spider_hilbert_4_sides_1_open,
          nicolae_spider_hilbert_4_sides_1_open,
          nicolae_spider_hilbert_4_sides_1_open,
          nicolae_spider_hilbert_4_sides_1_open,
          nicolae_spider_hilbert_4_sides_1_open,
          nicolae_spider_hilbert_4_sides_1_open,
          nicolae_spider_hilbert_4_sides_1_open,
          nicolae_spider_hilbert_4_sides_1_open,
          nicolae_spider_hilbert_3_sides_1_open,
          nicolae_spider_hilbert_3_sides_1_open,
          nicolae_spider_hilbert_3_sides_1_open,
          nicolae_spider_hilbert_3_sides_1_open]
Spider:4: guppyfry_spider_rune
Orc:1:    layout_diamond_mine, serial_shops, uniq_erolcha, uniq_josephine
Orc:2:    pf_orc_diabolical, layout_caves, serial_shops, nicolae_lakefront_shop,
          basic_altar, lightli_church_of_beogh
Vaults:1: mu_enter_wizlab_5, vaults_dpeg_diagonal, nicolae_vaults_tetromino_L_2,
          nicolae_vaults_what_the_h, grunt_vaults_twisty,
          nicolae_vaults_trapezoid_lopsided_3, nicolae_vaults_more_shelving_2,
          vaults_room_octagon, nicolae_vaults_asterisk,
          ontoclasm_vaults_misaligned, nicolae_vaults_border_crossing,
          vaults_dpeg_cross, vaults_room_grid, nicolae_vaults_network_star,
          nicolae_vaults_spaceships, nicolae_vaults_meeting,
          layout_vaults_omnicross
Vaults:2: nicolae_vaults_three_branches, nicolae_vaults_tetromino_L_2,
          vaults_room_fancy_cross, nicolae_vaults_storage_room_glass,
          vaults_dpeg_emergency_exit, nicolae_vaults_specimen_jars,
          nicolae_vaults_security_offices_5, grunt_vaults_hallway_short,
          grunt_vaults_funnel, minmay_crypt_entry_nasty_monster,
          nicolae_vaults_diamond_1, layout_vaults_quadrants
Vaults:3: nicolae_vaults_storage_closets_2, nicolae_vaults_frosty_reception,
          grunt_vaults_diagonal, v_pattern_2, ontoclasm_vaults_shuriken,
          hangedman_vaults_snaps, vaults_room_guarded_vault,
          grunt_vaults_trifunnel, vaults_standard_mumra_lines,
          nicolae_vaults_little_squares_6, nicolae_vaults_little_squares_1,
          serial_ice_m, hangedman_vaults_impose,
          nicolae_vaults_storage_room_doors, nicolae_vaults_little_squares_4,
          layout_vaults_maze, serial_shops, nicolae_shop_statue_plus,
          nicolae_shop_drivethru, shop, nicolae_shop_hallway_plus, shop

Skill      XL: |  1  2  3  4  5  6  7  8  9 10 11 12 13 14 15 16 17 18 19 20 |
---------------+-------------------------------------------------------------+-----
Shields        | 3 4 5 7 8 9 10 11 12 13 15 17 | 17.8
Unarmed Combat | 3 4 5 6 8 10 12 13 14 16 17 18 20 21 22 | 22.8
Fighting       | 3 4 5 6 7 8 9 10 11 12 13 | 13.3
Dodging        | 3 5 6 7 8 9 |  9.9
Throwing       | 1 |  1.0
Evocations     | 1 3 4 6 7 |  7.7
Spellcasting   | 3 |  3.3
Earth Magic    | 3 5 7 9 10 | 10.8
Translocations | 3 5 |  5.5
Transmutations | 2 4 6 8 9 |  9.1

Action                     |  1- 3 |  4- 6 |  7- 9 | 10-12 | 13-15 | 16-18 | 19-21 || total
---------------------------+-------+-------+-------+-------+-------+-------+-------++-------
  Melee: Unarmed           |   130 |   175 |   307 |   650 |  1513 |  2030 |  1079 ||  5884
  Throw: Dart              |       |       |       |     4 |       |       |       ||     4
         Large rock        |       |       |       |       |     8 |     1 |       ||     9
         Boomerang         |       |       |       |       |     4 |       |       ||     4
         Javelin           |       |       |       |       |     2 |     3 |       ||     5
   Cast: Lesser Beckoning  |       |       |       |       |       |     4 |       ||     4
 Invoke: Serpent's Lash    |       |       |       |       |     5 |     4 |     2 ||    11
         Heavenly Storm    |       |       |       |       |     1 |     1 |     1 ||     3
Ability: Lunge             |       |       |    10 |    44 |   131 |   137 |    86 ||   408
         Whirlwind         |       |       |       |   205 |   609 |   570 |   296 ||  1680
         Wall Jump         |       |       |       |       |     3 |       |     1 ||     4
  Evoke: Wand              |       |       |       |       |     5 |     1 |       ||     6
         Condenser vane    |       |       |       |       |       |     1 |       ||     1
    Use: Scroll            |       |       |    12 |     6 |     5 |     9 |       ||    32
         Potion            |       |       |     1 |     6 |     1 |     5 |     2 ||    15
   Stab: Sleeping          |       |       |     3 |       |       |       |       ||     3
 Armour: Robe              |    45 |    56 |    68 |    51 |       |       |       ||   220
         Animal skin       |       |       |       |    51 |   242 |   419 |    98 ||   810
  Dodge: Dodged            |    51 |    47 |    45 |   135 |   278 |   471 |   148 ||  1175
  Block: Kite shield       |    44 |    98 |   172 |   300 |   665 |  1045 |   425 ||  2749
         Reflection        |       |     1 |     6 |    11 |    30 |    68 |    62 ||   178
         Other             |       |       |       |       |     1 |       |       ||     1
